 Dungeon Crawl Stone Soup version 0.32-a0-314-g526f7d4993 (webtiles) character file.

Game seed: 4364067960559539955

11708 lunkers the Frost Mage (level 11, 0/101 HPs)
             Began as an Oni Ice Elementalist on Feb 14, 2024.
             Was a Believer of Vehumet.
             Slain by a slime creature (9 damage)
             ... on level 10 of the Dungeon on Feb 15, 2024.
             The game lasted 00:27:28 (12113 turns).

lunkers the Frost Mage (Oni Ice Elementalist)      Turns: 12113, Time: 00:27:28

Health: 0/101      AC: 18    Str: 14    XL:     11   Next: 82%
Magic:  17/26      EV:  6    Int: 26    God:    Vehumet [**....]
Gold:   591        SH:  8    Dex:  9    Spells: 19/32 levels left

rFire   + . .        b - +2 trident (protect)
rCold   . . .        s - +0 kite shield
rNeg    . . .        B - +0 swamp dragon scales
rPois   +            (helmet restricted)
rElec   .            v - +1 cloak
rCorr   .            (gloves unavailable)
SInv    .            (boots unavailable)
Will    +....        (no amulet)
Stlth   +            o - +6 ring of intelligence
HPRegen 0.36/turn    g - ring of protection from fire
MPRegen 0.20/turn

%: no passive effects
@: ice-armoured, freezing walls
A: large, unfitting armour, horns 1, tough skin 1, double potion healing,
drunken brawling
a: Renounce Religion


You were on level 10 of the Dungeon.
You worshipped Vehumet.
Vehumet was pleased with you.
You visited 2 branches of the dungeon, and saw 11 of its levels.

You collected 591 gold pieces.

Inventory:

Hand Weapons
 a - a +3 rapier of electrocution
 b - a +2 trident of protection (weapon)
 q - a +0 morningstar of draining
Missiles
 C - 2 throwing nets
Armour
 s - a +0 kite shield (worn)
 v - a +1 cloak (worn)
 B - +0 swamp dragon scales (worn)
Jewellery
 g - a ring of protection from fire (right hand)
 o - a +6 ring of intelligence (left hand)
 u - a +6 ring of dexterity
 y - a ring of magical power
 E - a +6 ring of strength
 G - a +6 ring of strength
 J - a ring of protection from fire
Wands
 t - a wand of iceblast (31)
 H - a wand of acid (11)
Scrolls
 c - 3 scrolls of blinking
 f - 3 scrolls of amnesia
 i - a scroll of immolation
 j - 3 scrolls of brand weapon
 k - 3 scrolls of vulnerability
 l - 3 scrolls of teleportation
 D - 3 scrolls of enchant weapon
 F - a scroll of summoning {unknown}
 K - a scroll of enchant armour {unknown}
Potions
 d - 2 potions of magic
 e - a potion of attraction
 h - 2 potions of might
 m - a potion of enlightenment
 n - 2 potions of cancellation
 p - 2 potions of brilliance
 r - 2 potions of lignification
 w - a potion of berserk rage {unknown}
 x - a potion of curing
 z - a potion of haste {unknown}
 A - a potion of ambrosia
 I - a potion of mutation {unknown}


   Skills:
 + Level 4.9 Fighting
 + Level 2.5 Armour
 - Level 1.7 Dodging
 - Level 1.4 Stealth
 * Level 3.7 Shields
 + Level 11.3 Spellcasting
 + Level 13.3 Ice Magic


You had 19 spell levels left.
You knew the following spells:

 Your Spells              Type           Power      Damage    Failure   Level
a - Freeze                Ice            100%       1d10      1%          1
b - Frozen Ramparts       Ice            100%       1d16      1%          3
c - Ozocubu's Armour      Ice            71%        N/A       1%          3
d - Summon Ice Beast      Ice/Summ       49%        N/A       4%          3
e - Hailstorm             Conj/Ice       49%        3d10      4%          3

Your spell library contained the following spells:

 Spells                   Type           Power      Damage    Failure   Level
 Volatile Blastmotes      Fire/Tloc      28%        2d12      61%         3
 Necrotise                Necr           56%        1d6       26%         1
 Slow                     Hex            56%        N/A       26%         1
 Summon Small Mammal      Summ           56%        N/A       26%         1
 Lesser Beckoning         Tloc           28%        N/A       36%         2
 Call Canine Familiar     Summ           14%        N/A       61%         3
 Confusing Touch          Hex            14%        N/A       61%         3
 Gell's Gravitas          Tloc           14%        N/A       61%         3
 Inner Flame              Hex/Fire       14%        N/A       61%         3
 Sigil of Binding         Hex            14%        N/A       61%         3
 Teleport Other           Tloc           14%        N/A       61%         3
 Tukima's Dance           Hex            14%        N/A       61%         3
 Vampiric Draining        Necr           14%        2d7       61%         3
 Dimensional Bullseye     Hex/Tloc       7%         N/A       95%         4
 Iskenderun's Mystic Bla  Conj/Tloc      14%        2d5       95%         4
 Martyr's Knell           Necr/Summ      14%        N/A       95%         4
 Summon Blazeheart Golem  Fire/Summ      14%        N/A       95%         4
 Curse of Agony           Necr           14%        N/A       100%        5
 Irradiate                Conj/Alch      7%         3d14      100%        5
 Summon Forest            Summ/Tloc      7%         N/A       100%        5
 Summon Mana Viper        Hex/Summ       14%        N/A       100%        5
 Summon Cactus Giant      Summ           7%         N/A       100%        6
 Ignition                 Fire           7%         3d4       100%        8


Dungeon Overview and Level Annotations

Branches:
Dungeon (10/15)            Temple (1/1) D:5            Lair (0/5) D:10
    Orc: D:9-12

Altars:
Ashenzari
Cheibriados
Dithmenos
Elyvilon
Fedhas
Gozag
Hepliaklqana
Kikubaaqudgha
Makhleb
Nemelex Xobeh
Okawaru
Qazlal
Ru
Sif Muna
Trog
Uskayaw
Vehumet
Wu Jian
Xom
Yredelemnul
Zin
The Shining One

Shops:
D:4 :!(!   D:9 *

Annotations:
D:5 2 transporters, Jigsaw's ghost, weakling OpDe


Innate Abilities, Weirdness & Mutations

You are too large for most types of armour.
You have a pair of small horns on your head.
You have tough skin. (AC +1)
You gain doubled healing and magic from potions.
Whenever you drink a healing potion, you attack all around you.


Message History

Unknown command.
Unknown command.
Casting: Ozocubu's Armour (safe; 1% risk of failure)
Confirm with . or Enter, or press ? or * to list all spells.
Okay, then.
Aiming: Freeze (safe; 1% risk of failure)
Press: ? - help, Q - select action, (/) - cycle Shift-Dir - straight line, f/p - slime creature
Aim: a slime creature (severely wounded)
You freeze the slime creature.
The slime creature is severely wounded.
The wall freezes the large slime creature!
The large slime creature closely misses you.
The wall freezes the slime creature!
The slime creature hits you!
* * * LOW HITPOINT WARNING * * *
Aiming: Freeze (safe; 1% risk of failure)
Press: ? - help, Q - select action, (/) - cycle Shift-Dir - straight line, f/p - slime creature
Aim: a slime creature (almost dead)
You freeze the slime creature.
The slime creature is almost dead.
The wall freezes the large slime creature.
The large slime creature hits you!!
* * * LOW HITPOINT WARNING * * *
The wall freezes the slime creature!
You kill the slime creature!
Vehumet accepts your kill.
You feel your power returning.
Aiming: Freeze (safe; 1% risk of failure)
Press: ? - help, Q - select action, (/) - cycle Shift-Dir - straight line, f - large slime creature
Aim: a large slime creature (heavily wounded)
You freeze the large slime creature!
The large slime creature is heavily wounded.
The wall freezes the large slime creature!
A large slime creature splits.
Aiming: Freeze (safe; 1% risk of failure)
Press: ? - help, Q - select action, (/) - cycle Shift-Dir - straight line, f/p - slime creature
Aim: a slime creature (severely wounded)
You freeze the slime creature.
The slime creature is severely wounded.
The wall freezes the slime creature!
The slime creature hits you!
You die...

###### ####...##.[# #.#
#.# ### .....# ##>###..#
#.# #.# ####.# #>###..#
#.# #.# ####.## #...#..#
#.#**#.#***
......########.#..#
#..,,...,,*
............(.....#
###**#.#*,*
##############.##.#
#.#*,***
#######.##J#######*,**,,,*
#........@J.......,,****,*
**#.##############.#***
*,* *,,,,,* *,* *,*
*,,,,,* *,* *,*
******,,,,,****** *,* *,*
*,,,**,,,,,**,,,** *,* *,*
,,,,,*,,,,,*,,,,,* *,* *,*
,,,,,+,,ß,,+,,,,,******,**
*,*
,,,,,*,,,,,*,,,,,*,,,,,,,*
*,*


You could see 2 slime creatures.

Vanquished Creatures
  3 centaur warriors
  Erica (D:10)
  A two-headed ogre (D:10)
  Pikel (D:8)
  A deep elf pyromancer (D:8)
  A komodo dragon (D:10)
  2 trolls
  Prince Ribbit (D:5)
  3 slime creatures
  A steam dragon (D:9)
  4 yaks (D:10)
  Eustachio (D:5)
  Duvessa (D:7)
  5 water moccasins
  A sky beast (D:7)
  An orc warrior (D:9)
  An ice beast (D:5)
  A centaur (D:10)
  2 phantoms (D:5)
  3 gnoll sergeants
  2 kobold brigands (D:10)
  Blork the orc (D:6)
  6 bullfrogs
  2 scorpions
  9 wights
  Dowan (D:7)
  6 killer bees (D:8)
  2 howler monkeys
  6 jellies
  2 bombardier beetles
  2 orc priests
  Crazy Yiuf (D:4)
  3 hounds
  2 iguanas
  Jessica (D:2)
  Ijyb (D:3)
  8 orc wizards
  10 adders
  9 gnolls
  A shadow imp (D:8)
  4 white imps
  2 adder skeletons (D:2)
  3 dart slugs
  4 ribbon worms
  20 orcs
  7 bats
  A bat skeleton (D:2)
  A bat zombie (D:2)
  5 endoplasms
  4 giant cockroaches
  6 goblins
  4 hobgoblins
  3 quokkas
  9 ball pythons
  A ball python skeleton (D:2)
  A ball python zombie (D:2)
  5 frilled lizards
  2 jackal zombies (D:2)
  14 kobolds
  5 rats
  A butterfly (D:5)
212 creatures vanquished.

Vanquished Creatures (collateral kills)
  A two-headed ogre (D:8)
  A deep elf pyromancer (D:8)
  Maggie (D:6)
  Menkaure (D:7)
  Edmund (D:6)
  An ice beast (D:4)
  A wight (D:8)
  A giant cockroach (D:4)
8 creatures vanquished.

Grand Total: 220 creatures vanquished

Notes
Turn   | Place    | Note
-------+----------+-------------------------------------------
     0 | D:1      | lunkers the Oni Ice Elementalist began the quest for the
                  | Orb.
     0 | D:1      | Reached XP level 1. HP: 16/16 MP: 3/3
   234 | D:1      | Reached XP level 2. HP: 24/24 MP: 2/5
   257 | D:1      | Reached skill level 4 in Ice Magic
   459 | D:1      | Reached XP level 3. HP: 31/31 MP: 5/7
   830 | D:1      | You fall into a shaft and drop 1 floor!
  1068 | D:2      | Reached XP level 4. HP: 31/39 MP: 6/9
  1218 | D:2      | Noticed Jessica
  1231 | D:2      | Killed Jessica
  1232 | D:2      | Reached skill level 5 in Ice Magic
  1234 | D:2      | Reached XP level 5. HP: 10/45 MP: 7/10
  2034 | D:2      | Learned a level 3 spell: Frozen Ramparts
  2038 | D:2      | Learned a level 3 spell: Ozocubu's Armour
  2042 | D:2      | Learned a level 3 spell: Summon Ice Beast
  2071 | D:3      | Found a faded altar of an unknown god.
  2261 | D:3      | Reached XP level 6. HP: 53/53 MP: 9/12
  2641 | D:3      | Noticed Ijyb
  2646 | D:3      | Killed Ijyb
  2662 | D:3      | Reached skill level 6 in Ice Magic
  3065 | D:4      | Noticed an ice beast
  3079 | D:4      | Killed an ice beast
  3080 | D:4      | Reached skill level 5 in Spellcasting
  3080 | D:4      | Reached XP level 7. HP: 19/59 MP: 9/14
  3297 | D:4      | Found Ereqiar's Antique Weapon Shop.
  3299 | D:4      | Found Mopror's Book Shop.
  3301 | D:4      | Found Sink's Distillery.
  3301 | D:4      | Found Abres's Distillery.
  3585 | D:4      | Found a runed translucent door.
  3586 | D:4      | Noticed Crazy Yiuf
  3596 | D:4      | Killed Crazy Yiuf
  4126 | D:5      | Entered Level 5 of the Dungeon
  4161 | D:5      | Found a transporter.
  4275 | D:5      | Noticed Eustachio
  4325 | D:5      | Killed Eustachio
  4326 | D:5      | Reached skill level 7 in Ice Magic
  4526 | D:5      | Found a transporter.
  4526 | D:5      | Noticed Jigsaw's ghost (weakling OpDe)
  4606 | D:5      | Upgraded the game from 0.32-a0-306-gfed3edf829 to
                  | 0.32-a0-314-g526f7d4993
  4703 | D:5      | Reached XP level 8. HP: 51/67 MP: 10/17
  4816 | D:5      | Found a staircase to the Ecumenical Temple.
  4859 | Temple   | Entered the Ecumenical Temple
  4943 | Temple   | Learned a level 3 spell: Hailstorm
  5021 | D:5      | Found a shimmering altar of Xom.
  5021 | D:5      | Noticed Prince Ribbit
  5025 | D:5      | Killed Prince Ribbit
  5026 | D:5      | Reached skill level 8 in Ice Magic
  5707 | D:6      | Noticed Edmund
  5718 | D:6      | Killed Edmund
  5872 | D:6      | Noticed Maggie
  5892 | D:6      | Killed Maggie
  5893 | D:6      | Reached skill level 9 in Ice Magic
  5893 | D:6      | Reached XP level 9. HP: 55/74 MP: 10/20
  5908 | D:6      | Noticed Blork the orc
  5936 | D:6      | Killed Blork the orc
  6922 | D:7      | Noticed Duvessa
  6922 | D:7      | Noticed Dowan
  6922 | D:7      | Found a white marble altar of Elyvilon.
  6929 | D:7      | Killed Duvessa
  6934 | D:7      | Killed Dowan
  7180 | D:7      | Noticed Menkaure
  7207 | D:7      | Killed Menkaure
  7208 | D:7      | Reached skill level 10 in Ice Magic
  8122 | D:8      | Found a radiant altar of Vehumet.
  8141 | D:8      | Became a worshipper of Vehumet
  8410 | D:8      | Noticed Pikel
  8417 | D:8      | Killed Pikel
  8724 | D:8      | Reached skill level 11 in Ice Magic
  8724 | D:8      | Reached XP level 10. HP: 69/81 MP: 14/23
  8999 | D:8      | Noticed a two-headed ogre
  9011 | D:8      | Killed a two-headed ogre
  9015 | D:8      | Noticed a deep elf pyromancer
  9029 | D:8      | Killed a deep elf pyromancer
  9217 | D:8      | Noticed a deep elf pyromancer
  9217 | D:8      | Noticed a centaur warrior
  9224 | D:8      | Killed a deep elf pyromancer
  9225 | D:8      | Reached skill level 10 in Spellcasting
  9225 | D:8      | Reached skill level 12 in Ice Magic
  9228 | D:8      | Reached * piety under Vehumet
  9228 | D:8      | Offered knowledge of Magic Dart by Vehumet.
  9229 | D:8      | Killed a centaur warrior
  9637 | D:8      | Reached skill level 1 in Fighting
  9813 | D:8      | Noticed a centaur warrior
  9822 | D:8      | Killed a centaur warrior
  9823 | D:8      | Reached XP level 11. HP: 40/96 MP: 13/25
 10444 | D:9      | Reached skill level 1 in Shields
 10477 | D:9      | Reached ** piety under Vehumet
 10619 | D:9      | Offered knowledge of Mercury Vapours by Vehumet.
 10710 | D:9      | Found Reuzxaoka's Changing Room.
 11061 | D:9      | Found a basalt altar of Yredelemnul.
 11061 | D:9      | Found a broken altar of Ashenzari.
 11066 | D:9      | Found a burning altar of Makhleb.
 11069 | D:9      | Found a blossoming altar of Fedhas.
 11071 | D:9      | Found a snail-covered altar of Cheibriados.
 11076 | D:9      | Found a glowing golden altar of the Shining One.
 11135 | D:10     | Entered Level 10 of the Dungeon
 11147 | D:10     | Noticed a centaur warrior
 11147 | D:10     | Noticed a two-headed ogre
 11155 | D:10     | Killed a centaur warrior
 11156 | D:10     | Reached skill level 1 in Armour
 11156 | D:10     | Reached skill level 13 in Ice Magic
 11163 | D:10     | Killed a two-headed ogre
 11423 | D:10     | Noticed Erica
 11436 | D:10     | Killed Erica
 11535 | D:10     | Offered knowledge of Volatile Blastmotes by Vehumet.
 11610 | D:10     | Found a staircase to the Lair.
 11758 | D:10     | Reached *** piety under Vehumet
 12113 | D:10     | Slain by a slime creature

Illustrated notes

Levels and vault maps discovered:
D:1:      matt_arrival_spirals, layout_basic, serial_shops,
          nicolae_shop_bloodbath_and_beyond
D:2:      layout_basic, serial_undead, serial_undead_a, serial_undead_b,
          serial_undead_f, serial_undead_d, uniq_jessica
D:3:      layout_basic, chequers_ecumenical_altar_simple, uniq_ijyb
D:4:      layout_loops_ring, corexii_shack, minmay_shop_grid_forest,
          kennysheep_nub, minmay_liquid_box, uniq_crazy_yiuf_cottage
D:5:      layout_loops_corners, xom_butterflies,
          minmay_temple_entry_stoned_glass, gammafunk_ghost_hive,
          uniq_eustachio, uniq_prince_ribbit1
D:6:      layout_cave_pods, uniq_edmund, uniq_maggie, uniq_blork_the_orc
D:7:      layout_cave_pools, mainiacjoe_overflow_chevrons,
          hangedman_decor_points, nicolae_benzene_ring, uniq_menkaure,
          uniq_duvessa
D:8:      minmay_tri_box, layout_gridville, lemuel_round_altar, uniq_pikel
D:9:      layout_basic, nicolae_overflow_hallway_of_the_gods,
          nicolae_transmutations_shop, minivault_26
D:10:     layout_loops_ring, due_lair_maze_entry_diamond, minmay_three_doors,
          uniq_erica
Temple:   hellmonk_temple_forest_ring

Skill      XL: |  1  2  3  4  5  6  7  8  9 10 11 |
---------------+----------------------------------+-----
Ice Magic      | 4 5 6 7 9 11 12 13 | 13.3
Spellcasting   | 3 4 5 6 7 9 10 11 | 11.3
Fighting       | 2 4 |  4.9
Shields        | 3 |  3.7
Armour         | 2 |  2.5
Dodging        | |  1.7
Stealth        | |  1.4

Action                     |  1- 3 |  4- 6 |  7- 9 | 10-12 || total
---------------------------+-------+-------+-------+-------++-------
  Melee: Unarmed           |    35 |    30 |       |       ||    65
         Headbutt          |     4 |     5 |    10 |     8 ||    27
         Punch             |     1 |       |       |       ||     1
         Morningstar       |       |     9 |    19 |       ||    28
         Rapier            |       |       |    65 |     6 ||    71
         Trident           |       |       |       |    34 ||    34
   Cast: Freeze            |    45 |    82 |   104 |   124 ||   355
         Frozen Ramparts   |       |     2 |    18 |    24 ||    44
         Summon Ice Beast  |       |     2 |    12 |    15 ||    29
         Ozocubu's Armour  |       |       |    10 |    13 ||    23
         Hailstorm         |       |       |       |     5 ||     5
  Evoke: Wand              |       |       |     1 |       ||     1
    Use: Scroll            |       |       |    15 |     2 ||    17
   Stab: Distracted        |       |       |     1 |       ||     1
 Armour: Robe              |    88 |    72 |   126 |       ||   286
         Swamp dragon scal |       |       |    63 |   158 ||   221
  Dodge: Dodged            |    73 |    51 |    74 |    50 ||   248
  Block: Kite shield       |       |     4 |    55 |    53 ||   112

Table legend: (Time is in decaauts)
 A = Elapsed time spent in this place.
 B = Non-inter-level travel time spent in this place.
 C = Inter-level travel time spent in this place.
 D = Time resting spent in this place.
 E = Time spent auto-exploring this place.
 F = Levels seen in this place.
 G = Mean time per level.
                   A        B        C        D        E       F      G
               +--------+--------+--------+--------+--------+-----+--------+
         Total |  12171 |  11720 |    451 |      2 |   9912 |  11 | 1106.5 |
       Dungeon |  12039 |  11616 |    423 |      2 |   9833 |  10 | 1203.9 |
        Temple |    131 |    103 |     28 |      0 |     79 |   1 |  131.0 |
               +--------+--------+--------+--------+--------+-----+--------+

Top non-repeatable levels by time:
     D:8: 1983 daAuts
     D:5: 1530 daAuts
     D:6: 1276 daAuts
     D:2: 1222 daAuts
     D:4: 1080 daAuts
     D:7: 1064 daAuts
     D:9: 1057 daAuts
     D:3: 1013 daAuts
    D:10: 980 daAuts
     D:1: 830 daAuts
  Temple: 131 daAuts
